 Dungeon Crawl Stone Soup version 0.30.1-11-g7821555f0a (webtiles) character file.

Game seed: 3103747814282127375

21 2FriedEggs the Magician (level 2, -1/17 HPs)
             Began as an Octopode Earth Elementalist on Nov 13, 2023.
             Slain by a gnoll
             ... wielding a +0 spear
              (8 damage)
             ... on level 2 of the Dungeon.
             The game lasted 00:01:17 (1011 turns).

2FriedEggs the Magician (OpEE)                      Turns: 1011, Time: 00:01:18

Health: -1/17      AC:  1    Str:  7    XL:     2   Next: 83%
Magic:  2/6        EV: 13    Int: 17    God:
Gold:   28         SH:  0    Dex: 12    Spells: 6/7 levels left

rFire   . . .        e - +1 rapier (venom)
rCold   . . .        (no shield)
rNeg    . . .        (helmet restricted)
rPois   .            (no amulet)
rElec   .            (no ring)
rCorr   .            (no ring)
SInv    .            (no ring)
Will    .....        (no ring)
Stlth   +++          (no ring)
HPRegen 0.22/turn    (no ring)
MPRegen 0.10/turn    (no ring)
                     (no ring)

%: no passive effects
@: no status effects
A: almost no armour, amphibious, 8 rings, camouflage 1, gelatinous body 1,
(nimble swimmer 1), tentacles
a: no special abilities


You were on level 2 of the Dungeon.
You visited 1 branch of the dungeon, and saw 2 of its levels.

You collected 28 gold pieces.

Inventory:

Hand Weapons
 e - a +1 rapier of venom (weapon)
Armour
 l - a +2 tower shield
Scrolls
 b - 3 scrolls of identify {unknown}
 g - a scroll of brand weapon {unknown}
 i - a scroll of immolation {unknown}
 k - a scroll of fog {unknown}
 m - a scroll of blinking {unknown}
 n - a scroll of teleportation {unknown}
Potions
 a - 2 potions of magic
 c - 2 potions of berserk rage {unknown}
 d - a potion of degeneration {unknown}
 f - 2 potions of lignification {unknown}
 h - a potion of curing {unknown}
 j - a potion of invisibility {unknown}


   Skills:
 - Level 2.0 Dodging
 - Level 2.6 Stealth
 + Level 3.1 Spellcasting
 - Level 1.0 Transmutations
 - Level 3.0 Earth Magic


You had 6 spell levels left.
You knew the following spells:

 Your Spells              Type           Power      Damage    Failure   Level
a - Sandblast             Erth           24%        2d8       4%          1

Your spell library contained the following spells:

 Spells                   Type           Power      Damage    Failure   Level
 Passwall                 Tmut/Erth      7%         N/A       12%         2
 Stone Arrow              Conj/Erth      14%        3d7       28%         3
 Petrify                  Tmut/Erth      9%         N/A       58%         4


Dungeon Overview and Level Annotations

Branches:
Dungeon (2/15)

Altars:


Innate Abilities, Weirdness & Mutations

You cannot wear most types of armour.
You are amphibious.
You can wear up to eight rings at the same time.
Your skin changes colour to match your surroundings (Stealth+).
Your rubbery body absorbs attacks. (AC +1, EV +1)
((You are camouflaged when in or above water. (Stealth+)))
You have tentacles for arms and can constrict up to eight enemies at once.


Message History

Casting: Sandblast (safe; 4% risk of failure)
Confirm with . or Enter, or press ? or * to list all spells.
Aiming: Sandblast (safe; 4% risk of failure)
Press: ? - help, Shift-Dir - straight line, f - gnoll
Aim: a gnoll, wielding a +0 spear (84% to hit)
The blast of sand hits the gnoll.
The gnoll is lightly wounded.
Casting: Sandblast (safe; 4% risk of failure)
Confirm with . or Enter, or press ? or * to list all spells.
Aiming: Sandblast (safe; 4% risk of failure)
Press: ? - help, Shift-Dir - straight line, f/p - gnoll
Aim: a gnoll, wielding a +0 spear (lightly wounded, 84% to hit)
The blast of sand hits the gnoll.
The gnoll is moderately wounded.
The gnoll hits you from afar with a +0 spear.
Casting: Sandblast (safe; 4% risk of failure)
Confirm with . or Enter, or press ? or * to list all spells.
Aiming: Sandblast (safe; 4% risk of failure)
Press: ? - help, Shift-Dir - straight line, f/p - gnoll
Aim: a gnoll, wielding a +0 spear (moderately wounded, 84% to hit)
The blast of sand hits the gnoll.
The gnoll is moderately wounded.
The gnoll closely misses you.
Casting: Sandblast (safe; 4% risk of failure)
Confirm with . or Enter, or press ? or * to list all spells.
Aiming: Sandblast (safe; 4% risk of failure)
Press: ? - help, Shift-Dir - straight line, f/p - gnoll
Aim: a gnoll, wielding a +0 spear (moderately wounded, 84% to hit)
The blast of sand hits the gnoll.
The gnoll is severely wounded.
The gnoll hits you from afar with a +0 spear. x2
Casting: Sandblast (safe; 4% risk of failure)
Confirm with . or Enter, or press ? or * to list all spells.
Aiming: Sandblast (safe; 4% risk of failure)
Press: ? - help, Shift-Dir - straight line, f/p - gnoll
Aim: a gnoll, wielding a +0 spear (severely wounded, 84% to hit)
The blast of sand hits the gnoll but does no damage.
The gnoll is severely wounded.
The gnoll hits you from afar with a +0 spear!
You die...

#.# #.......g......# ..#
##.....#######.# ###
##...## #####.##### ##.##
#.........# #.#
#.###.###.## ## #.#
#.#........# .# ##'##
#.#g#...#..# .# ##...##
#.#.###.#.)# .#
##.....###.#@###.#..# .#
##.......##..........# .#
#.........###........#
...+.........+.......####
.###.........####....# .#
##.......## ##.#.# ##
##....(## ###.# ##...##
##.# ##'## #>.#


You could see a gnoll.

Vanquished Creatures
  A dart slug (D:1)
  2 endoplasms
  A giant cockroach (D:1)
  2 goblins (D:1)
  3 hobgoblins
  3 kobolds
  2 bats
  A frilled lizard (D:1)
  A rat (D:1)
16 creatures vanquished.

Notes
Turn   | Place    | Note
-------+----------+-------------------------------------------
     0 | D:1      | 2FriedEggs the Octopode Earth Elementalist began the quest
                  | for the Orb.
     0 | D:1      | Reached XP level 1. HP: 11/11 MP: 3/3
   162 | D:1      | Reached XP level 2. HP: 17/17 MP: 2/5
  1011 | D:2      | Slain by a gnoll

Illustrated notes

Levels and vault maps discovered:
D:1:      dpeg_arrival_erosion, layout_loops_ring
D:2:      layout_loops_corners, nicolae_shop_unique_rings,
          kennysheep_flooded_box

Skill      XL: |  1  2 |
---------------+-------+-----
Spellcasting   | 3 |  3.1
Dodging        | |  2.0
Stealth        | |  2.6
Transmutations | |  1.0
Earth Magic    | |  3.0

Action                     || total
---------------------------++-------
  Melee: Rapier            ||     5
         Constrict         ||     2
         Tentacles         ||     2
   Cast: Sandblast         ||    24
   Stab: Sleeping          ||     1
  Dodge: Dodged            ||     3
